 Dungeon Crawl Stone Soup version 0.20.1-1-g8b1a95d (webtiles) character file.

896 Haldmier the Chopper (level 8, -2/65 HPs)
             Began as a Formicid Abyssal Knight on Oct 19, 2017.
             Was a Priest of Lugonu.
             Slain by a gnoll
             ... wielding a +2 spear of distortion
              (4 damage)
             ... on level 2 of the Dungeon.
             The game lasted 00:33:53 (8712 turns).

Haldmier the Chopper (Formicid Abyssal Knight)      Turns: 8712, Time: 00:33:54

Health: -2/65      AC: 10    Str: 18    XL:     8   Next: 27%
Magic:  9/9        EV:  7    Int: 13    God:    Lugonu [***...]
Gold:   222        SH:  0    Dex: 10    Spells: 7/7 levels left

rFire    . . .     SeeInvis +   a - +1 hand axe
rCold    . . .     Gourm    .   (no shield)
rNeg     . . .     Faith    .   f - +1 chain mail
rPois    .         Spirit   .   (helmet unavailable)
rElec    .         Reflect  .   (no cloak)
rCorr    .         Harm     .   (no gloves)
MR       .....                  (no boots)
Stlth    ..........             (no amulet)
Regen    0.2/turn               (no ring)
MPRegen  0.2/turn               (no ring)

@: no status effects
A: permanent stasis, dig shafts and tunnels, four strong arms, antennae 3
a: Dig, Shaft Self, Depart the Abyss, Bend Space, Banish, Renounce Religion


You were on level 2 of the Dungeon.
You worshipped Lugonu.
Lugonu was most pleased with you.
You were hungry.

You visited 2 branches of the dungeon, and saw 7 of its levels.
You visited the Abyss 1 time.

You collected 222 gold pieces.

Inventory:

Hand Weapons
 a - a +1 hand axe (weapon)
 b - a +0 shortbow
 n - a +0 morningstar
 q - a +0 glaive
Missiles
 j - 106 stones (quivered)
 k - 4 tomahawks
 o - 4 throwing nets
 x - 96 arrows
Armour
 f - a +1 chain mail (worn)
Wands
 m - a wand of polymorph (15/24)
Scrolls
 e - a scroll of enchant weapon {unknown}
 g - 2 scrolls of remove curse
Potions
 d - 2 potions of might
 h - 2 potions of agility
 i - 2 potions of brilliance
 l - a potion of degeneration {unknown}
 p - a potion of berserk rage
 v - a potion of curing {unknown}
Comestibles
 c - 3 bread rations
 t - 2 meat rations


   Skills:
 + Level 6.3 Fighting
 * Level 6.7 Axes
 + Level 3.5 Armour
 - Level 0.8 Dodging
 - Level 2.1 Invocations
 + Level 2.2 Evocations


You had 7 spell levels left.
You didn't know any spells.

Dungeon Overview and Level Annotations

Branches:
Dungeon (6/15)             Temple (1/1) D:5

Altars:
Ashenzari
Cheibriados
Fedhas
Gozag
Hepliaklqana
Kikubaaqudgha
Makhleb
Nemelex Xobeh
Okawaru
Qazlal
Ru
Trog
Vehumet
Zin
The Shining One

Shops:
D:5 =

Annotations:
D:2 Natasha
D:4 Eustachio
D:5 Edmund


Innate Abilities, Weirdness & Mutations

You cannot be hasted, slowed, berserked, paralysed or teleported.
You can dig through walls and to a lower floor.
Your four strong arms can wield two-handed weapons with a shield.
You have a pair of large antennae on your head. (SInv)


Message History

You hit the gnoll.
The gnoll is moderately wounded.
The gnoll hits you with a spear of distortion.
Space warps horribly around you!
You barely miss the gnoll.
The gnoll is moderately wounded.
The gnoll hits you with a spear of distortion.
Space warps horribly around you!
* * * LOW HITPOINT WARNING * * *
The gnoll hits you but does no damage. Space bends around you.
* * * LOW HITPOINT WARNING * * *
The gnoll hits you but does no damage. Space bends around you.
* * * LOW HITPOINT WARNING * * *
Things that are here:
a spear; a gnoll corpse
There is a stone staircase leading down here.
The gnoll hits you from afar with a spear of distortion.
* * * LOW HITPOINT WARNING * * *
Space bends around you.
You die...

#...'...'..........#...##.#
#...#..................##.#
#.##.._.###............##.#######
...#.###.#....<.................#
...###2###...).......#..#.#####.#
....#### #..........##..#.....#.#
....######..............#.....#.#
.....#..##.........####.#.#####.#
................@### #.#.......#
.....##..#...#..## #.#######.#
.....###.#...#.g#######.# ###
###### #.#.....)........#
..######....##..#########
................#
...####....#.##.######### ...#
#..#.#............# ...#
#..#.####.#######.#


You could see a gnoll.

Vanquished Creatures
  A sky beast (D:5)
  A tengu (D:5)
  A big kobold (D:5)
  Blork the orc (D:6)
  A water moccasin zombie (D:5)
  2 hounds (D:4)
  2 orc priests
  2 jellies (D:5)
  Natasha (twice) (D:2)
  2 orc wizards
  A hound zombie (D:5)
  A hound skeleton (D:4)
  5 gnolls
  2 adders (D:2)
  2 shadow imps
  An adder zombie (D:5)
  4 worms
  A dart slug (D:1)
  2 leopard geckos (D:5)
  19 orcs
  10 bats
  3 giant cockroaches
  10 goblins
  6 hobgoblins
  8 jackals
  2 quokkas
  8 frilled lizards
  10 kobolds
  12 rats
  A bush (D:5)
123 creatures vanquished.

Notes
Turn   | Place    | Note
-------+----------+-------------------------------------------
     0 | Abyss:1  | Haldmier the Formicid Abyssal Knight began the quest for the Orb.
     0 | Abyss:1  | Reached XP level 1. HP: 18/18 MP: 2/2
     8 | D:1      | Escaped the Abyss
   239 | D:1      | Reached XP level 2. HP: 19/24 MP: 3/3
   323 | D:1      | Found a stormy altar of Qazlal.
   602 | D:1      | Reached XP level 3. HP: 29/30 MP: 4/4
  1202 | D:2      | Noticed Natasha
  1981 | D:2      | Found a glowing silver altar of Zin.
  1985 | D:2      | Found a burning altar of Makhleb.
  1986 | D:2      | Noticed a cacodemon
  1990 | D:2      | Noticed an angel
  1997 | D:2      | Reached ** piety under Lugonu
  1998 | D:2      | Reached XP level 4. HP: 33/37 MP: 5/5
  2419 | D:2      | Killed Natasha
  2565 | D:2      | Found a shattered altar of Ashenzari.
  2676 | D:2      | Noticed Natasha
  2694 | D:2      | Killed Natasha
  2694 | D:2      | Reached XP level 5. HP: 30/43 MP: 6/6
  3058 | D:2      | Noticed Natasha
  3734 | D:2      | Reached skill level 5 in Fighting
  4015 | D:3      | Reached XP level 6. HP: 48/51 MP: 7/7
  4250 | D:3      | Found a snail-covered altar of Cheibriados.
  4259 | D:3      | Found an ancient bone altar of Kikubaaqudgha.
  4660 | D:4      | Reached skill level 5 in Axes
  4666 | D:4      | Reached *** piety under Lugonu
  4766 | D:4      | Noticed Eustachio
  5303 | D:4      | Noticed an ogre
  5310 | D:4      | Noticed a warg
  5310 | D:4      | an ogre changed into a warg
  5361 | D:5      | Entered Level 5 of the Dungeon
  5361 | D:5      | Noticed a sky beast
  5370 | D:5      | Killed a sky beast
  5370 | D:5      | Reached XP level 7. HP: 49/56 MP: 8/8
  5986 | D:5      | Found Neosecwu's Jewellery Emporium.
  6108 | D:5      | Reached skill level 1 in Evocations
  6747 | D:5      | Found a staircase to the Ecumenical Temple.
  6753 | Temple   | Entered the Ecumenical Temple
  7108 | D:5      | Reached XP level 8. HP: 54/64 MP: 9/9
  7711 | D:5      | Found a blossoming altar of Fedhas.
  8032 | D:6      | Noticed Blork the orc
  8341 | D:6      | Killed Blork the orc
  8412 | D:6      | Noticed Edmund
  8702 | D:2      | HP: 2/65 [gnoll/spear of distortion (6)]
  8712 | D:2      | HP: 2/65 [gnoll/spear of distortion (2)]
  8712 | D:2      | Slain by a gnoll

Skill      XL: |  1  2  3  4  5  6  7  8 |
---------------+-------------------------+-----
Fighting       | 4 5 6 |  6.3
Axes           | 3 4 5 6 |  6.7
Evocations     | 1 2 |  2.2
Armour         | 3 |  3.5
Dodging        | |  0.8
Invocations    | |  2.1

Action                   |  1- 3 |  4- 6 |  7- 9 || total
-------------------------+-------+-------+-------++-------
Melee: Hand axe          |    85 |   288 |   241 ||   614
 Fire: Shortbow          |       |       |     4 ||     4
Throw: Stone             |       |     5 |       ||     5
Evoke: Wand              |       |     1 |     1 ||     2
  Use: Scroll            |     2 |       |    11 ||    13
       Potion            |     1 |     1 |     1 ||     3
 Stab: Invisible         |     1 |       |       ||     1
  Eat: Chunk             |     3 |    11 |     6 ||    20
       Bread ration      |       |       |     1 ||     1
Armor: Leather armour    |    24 |     3 |       ||    27
       Chain mail        |       |   193 |   101 ||   294
Dodge: Dodged            |    69 |   137 |    78 ||   284
